 Dungeon Crawl Stone Soup version 0.23.0-42-geed6394480 (webtiles) character file.

Game seed: 7421228043340373978

106 Danqa the Chopper (level 4, -2/41 HPs)
             Began as a Hill Orc Monk on Feb 28, 2019.
             Slain by a gnoll
             ... wielding a +0 flail
              (5 damage)
             ... on level 4 of the Dungeon.
             The game lasted 00:05:34 (3236 turns).

Danqa the Chopper (Hill Orc Monk)                   Turns: 3236, Time: 00:05:34

Health: -2/41      AC:  6    Str: 14    XL:     4   Next: 84%
Magic:  4/4        EV:  9    Int: 10    God:
Gold:   99         SH:  3    Dex: 13    Spells: 3/3 levels left

rFire    . . .     SeeInvis .   a - +0 hand axe
rCold    . . .     Gourm    .   c - +0 buckler
rNeg     . . .     Faith    .   m - +0 scale mail
rPois    .         Spirit   .   (no helmet)
rElec    .         Reflect  .   (no cloak)
rCorr    .         Harm     .   (no gloves)
MR       .....                  (no boots)
Stlth    ..........             (no amulet)
HPRegen  0.13/turn              (no ring)
MPRegen  0.09/turn              (no ring)

@: no status effects
A: no striking features
a: no special abilities


You were on level 4 of the Dungeon.
You were not hungry.

You visited 1 branch of the dungeon, and saw 4 of its levels.

You collected 99 gold pieces.

Inventory:

Hand Weapons
 a - a +0 hand axe (weapon)
Armour
 b - a +0 robe
 c - a +0 buckler (worn)
 f - a +0 leather armour
 m - a +0 scale mail (worn)
Scrolls
 d - a scroll of remove curse {unknown}
 h - a scroll of enchant armour {unknown}
 j - a scroll of teleportation {unknown}
 k - 3 scrolls of magic mapping
Potions
 e - 2 potions of curing
 g - a potion of flight
 i - a potion of heal wounds
 l - a potion of agility {unknown}
 n - 2 potions of brilliance {unknown}


   Skills:
 + Level 4.6 Fighting
 + Level 5.3 Axes
 * Level 2.3 Armour
 - Level 2.4 Dodging
 - Level 1.5 Stealth
 + Level 0.2 Shields


You had 3 spell levels left.
You didn't know any spells.
Your spell library was empty.

Dungeon Overview and Level Annotations

Branches:
Dungeon (4/15)
 Temple: D:4-7

Altars:
Dithmenos

Annotations:
D:3 3 runed translucent doors, stillor's ghost, amateur DrWz


Message History

The gnoll is severely wounded.
You block the gnoll's attack.
You barely miss the gnoll.
The gnoll is severely wounded.
The gnoll hits you with a +0 flail!
You completely miss the gnoll.
The gnoll is heavily wounded.
You closely miss the gnoll.
The gnoll is heavily wounded.
The gnoll hits you with a +0 flail!
You are too injured to fight recklessly!
You are too injured to fight recklessly!
You hit the gnoll.
The gnoll is severely wounded.
The gnoll hits you with a +0 flail!
* * * LOW HITPOINT WARNING * * *
You hit the gnoll.
The gnoll is severely wounded.
The gnoll hits you with a +0 flail.
You die...

#### ##.$.#
......####
.........#
......g).#
......†@.#
.......).#########
..........<.......
#########.########
#.# #.. ##.# ..
### .#. .....###


You could see a gnoll.

Vanquished Creatures
  3 gnolls (D:4)
  3 adders
  An ooze (D:2)
  2 worms
  2 dart slugs
  A leopard gecko (D:1)
  3 bats
  3 giant cockroaches
  3 hobgoblins
  2 jackals (D:2)
  4 kobolds
  A quokka (D:2)
  2 ball pythons (D:2)
  2 frilled lizards
  2 goblins
  6 rats
40 creatures vanquished.

Notes
Turn   | Place    | Note
-------+----------+-------------------------------------------
     0 | D:1      | Danqa the Hill Orc Monk began the quest for the Orb.
     0 | D:1      | Reached XP level 1. HP: 19/19 MP: 1/1
   756 | D:2      | Reached XP level 2. HP: 27/27 MP: 2/2
  1764 | D:2      | Reached skill level 1 in Armour
  1764 | D:2      | Reached XP level 3. HP: 32/33 MP: 3/3
  1783 | D:2      | Found a shadowy altar of Dithmenos.
  1803 | D:2      | You fall through a shaft for 2 floors!
  2312 | D:2      | Reached skill level 5 in Axes
  2778 | D:3      | Reached XP level 4. HP: 41/41 MP: 4/4
  2928 | D:3      | Found a runed translucent gate.
  2928 | D:3      | Found a runed translucent gate.
  2928 | D:3      | Found a runed translucent gate.
  2928 | D:3      | Noticed stillor's ghost (amateur DrWz)
  3236 | D:4      | Slain by a gnoll

Skill      XL: |  1  2  3  4 |
---------------+-------------+-----
Fighting       | 4 |  4.6
Armour         | 1 2 |  2.3
Axes           | 5 |  5.3
Dodging        | |  2.4
Stealth        | |  1.5
Shields        | |  0.2

Action                   |  1- 3 |  4- 6 || total
-------------------------+-------+-------++-------
Melee: Hand axe          |   102 |    61 ||   163
  Use: Scroll            |     4 |       ||     4
 Stab: Sleeping          |     3 |     2 ||     5
  Eat: Ration            |     1 |     1 ||     2
       Chunk             |     1 |       ||     1
Armor: Robe              |     8 |       ||     8
       Leather armour    |    11 |       ||    11
       Scale mail        |       |    21 ||    21
Dodge: Dodged            |    74 |    35 ||   109
Block: Buckler           |     9 |     8 ||    17
